 Dungeon Crawl Stone Soup version 0.19.1 (webtiles) character file.

4777 Ladykiller69 the Carver (level 10, 0/78 HPs)
             Began as a Minotaur Abyssal Knight on Dec 6, 2016.
             Was a High Priest of Lugonu.
             Slain by a warg (8 damage)
             ... on level 7 of the Dungeon.
             The game lasted 00:22:14 (7615 turns).

Ladykiller69 the Carver (Minotaur Abyssal Knight)   Turns: 7615, Time: 00:22:15

Health: 0/78       AC: 22    Str: 17    XL:     10   Next: 23%
Magic:  14/14      EV: 11    Int:  9    God:    Lugonu [*****.]
Gold:   612        SH:  0    Dex: 13    Spells: 0 memorised, 9 levels left

rFire  . . .     SeeInvis .     a - +1 falchion
rCold  . . .     Gourm    .     x - +0 plate armour
rNeg   . . .     Faith    .     (no shield)
rPois  .         Spirit   .     (helmet restricted)
rElec  .         Reflect  .     L - +0 cloak
rCorr  .         Harm     .     O - +0 pair of gloves
MR     .....                    o - +0 pair of boots
Stlth  ..........               (no amulet)
                                K - +4 ring of protection
                                h - +3 ring of evasion (curse)

@: no status effects
A: retaliatory headbutt, horns 2
a: Depart the Abyss, Bend Space, Banish, Corrupt, Enter the Abyss, Renounce
Religion


You were on level 7 of the Dungeon.
You worshipped Lugonu.
Lugonu was extremely pleased with you.
You were not hungry.

You visited 1 branch of the dungeon, and saw 8 of its levels.
You visited the Abyss 1 time.

You collected 612 gold pieces.

Inventory:

Hand Weapons
 a - a +1 falchion (weapon)
 H - a +2 dagger of chaos
 S - a +1 dagger of venom
Missiles
 f - 227 stones
 p - 2 javelins
 C - 13 tomahawks (quivered)
Armour
 b - a +0 leather armour
 j - a +0 chain mail
 o - a +0 pair of boots (worn)
 x - a +0 plate armour (worn)
 L - a +0 cloak (worn)
 O - a +0 pair of gloves (worn)
Jewellery
 h - a cursed +3 ring of evasion (left hand)
 K - a +4 ring of protection (right hand)
 W - a cursed ring of loudness {unknown}
Wands
 E - a wand of lightning (0/15)
 Q - a wand of lightning (0/15)
 R - a wand of iceblast (4/15)
 T - a wand of flame (13/48)
Scrolls
 k - 3 scrolls of blinking {unknown}
 q - 2 scrolls of fog {unknown}
 r - 6 scrolls of remove curse {unknown}
 t - 4 scrolls of enchant weapon {unknown}
 u - 3 scrolls of amnesia {unknown}
 v - 4 scrolls of enchant armour {unknown}
 w - 2 scrolls of magic mapping {unknown}
 y - 3 scrolls of teleportation {unknown}
 B - 2 scrolls of fear {unknown}
 D - 10 scrolls of identify {unknown}
 F - a scroll of random uselessness {unknown}
 J - 2 scrolls of immolation {unknown}
Potions
 e - 2 potions of might
 g - a potion of experience {unknown}
 i - 2 potions of ambrosia {unknown}
 m - 2 potions of haste
 n - 2 potions of mutation {unknown}
 s - a potion of heal wounds {unknown}
 z - 2 potions of agility {unknown}
 A - 2 potions of cure mutation {unknown}
 G - 2 potions of curing
 M - a potion of lignification {unknown}
Books
 I - a book of Geomancy

   Spells                             Type                      Level
   a - Sandblast                      Earth                        1
   b - Passwall                       Transmutation/Earth          2
   c - Stone Arrow                    Conjuration/Earth            3
   d - Petrify                        Transmutation/Earth          4
   e - Lee's Rapid Deconstruction     Earth                        5
 V - a book of Debilitation

   Spells                             Type                      Level
   a - Corona                         Hexes                        1
   b - Slow                           Hexes                        2
   c - Gell's Gravitas                Hexes/Translocation          3
   d - Inner Flame                    Hexes/Fire                   3
   e - Cause Fear                     Hexes                        4
   f - Leda's Liquefaction            Hexes/Earth                  4
Comestibles
 c - 5 bread rations
 d - 3 slices of pizza
 l - 3 meat rations
 N - 2 beef jerkies
 U - 3 fruits


   Skills:
 - Level 4.0 Fighting
 * Level 11.4 Long Blades
 + Level 8.6 Armour
 + Level 7.1 Dodging
 + Level 7.0 Invocations


You had 9 spell levels left.
You didn't know any spells.

Dungeon Overview and Level Annotations

Branches:
Dungeon (8/15)             Temple (0/1) D:4
   Lair: D:8-11

Altars:
Ashenzari
Dithmenos
Okawaru
Xom
The Shining One


Innate Abilities, Weirdness & Mutations

You reflexively headbutt those who attack you in melee.
You have a pair of horns on your head.


Message History

Your headbutt misses the warg.
There is an escape hatch in the ceiling here.
The warg barely misses you. A mysterious force pulls you upwards.
The hatch slams shut behind you.
You hit the warg. Your headbutt misses the warg.
The warg is lightly wounded.
The warg bites you!
* * * LOW HITPOINT WARNING * * *
You closely miss the warg. Your headbutt misses the warg.
The warg is lightly wounded.
The warg bites you.
* * * LOW HITPOINT WARNING * * *
You hit the warg.
The warg is moderately wounded.
The warg bites you but does no damage.
You closely miss the warg.
You headbutt the warg, but do no damage.
The warg is moderately wounded.
The warg bites you!
You die...

##≈.....≈#.......................
##.......##......#....#.#........
.......#.##....######.#.#........
##.....#...........##...#........
#.....####....###.##...#........
#.....###.....#........#........
##.............#.#.##.#.##.......
.........[.>...#h#.##.#.##.......
###......[......@#....#.##.......
#............######.#.#........
#............# #.#..........
#####[...)...# #.#..........
#........######.#...###....
####.#.#..........#.# #.###
#.#.########.###.###.... #####
##...#............##.#.. ....##
#...###.......[.....#..


You could see a warg.

Vanquished Creatures
  The ghost of Haldmier the Transmogrifier, a novice NaTm (D:5)
  2 two-headed ogres
  Grinder (D:6)
  Edmund (D:6)
  4 wargs (D:8)
  2 orc warriors
  2 phantoms
  A sky beast (D:7)
  A black bear (D:8)
  The ghost of Ladykiller69 the Skirmisher, an amateur MiAK of Lugonu (D:3)
  3 ogres
  2 centaurs
  2 crocodiles (D:8)
  5 bullfrogs
  2 scorpions
  3 wights (D:7)
  2 howler monkeys
  6 crimson imps
  A bullfrog zombie (D:6)
  7 orc priests
  A centaur zombie (D:6)
  A hound (D:8)
  Crazy Yiuf (D:6)
  5 jellies
  10 orc wizards
  3 iguanas
  5 worker ants
  A hound skeleton (D:4)
  4 gnolls (D:3)
  9 adders
  3 shadow imps
  2 oozes
  2 adder skeletons
  8 worms
  5 dart slugs
  6 leopard geckos
  32 orcs
  6 bats
  4 giant cockroaches
  4 hobgoblins
  8 jackals
  3 quokkas
  A ball python (D:7)
  8 frilled lizards
  7 goblins
  6 kobolds
  3 rats
197 creatures vanquished.

Vanquished Creatures (others)
  An orc wizard (D:8)
  A plant (D:8)
2 creatures vanquished.

Grand Total: 199 creatures vanquished

Notes
Turn   | Place    | Note
-------+----------+-------------------------------------------
     0 | Abyss:1  | Ladykiller69 the Minotaur Abyssal Knight began the quest for the Orb.
     0 | Abyss:1  | Reached XP level 1. HP: 19/19 MP: 1/1
    21 | D:1      | Escaped the Abyss
   573 | D:1      | Reached XP level 2. HP: 26/26 MP: 2/2
   593 | D:2      | Reached skill level 3 in Long Blades
  1006 | D:2      | Reached XP level 3. HP: 33/33 MP: 3/3
  1122 | D:2      | Found a shattered altar of Ashenzari.
  1128 | D:2      | Reached ** piety under Lugonu
  1418 | D:2      | Reached XP level 4. HP: 36/40 MP: 4/4
  1936 | D:2      | Reached skill level 4 in Long Blades
  2165 | D:3      | Noticed an orc warrior
  2376 | D:3      | Reached XP level 5. HP: 46/46 MP: 6/6
  2576 | D:3      | Noticed Ladykiller69's ghost (amateur MiAK)
  2595 | D:3      | Killed Ladykiller69's ghost
  2595 | D:3      | Reached XP level 6. HP: 41/52 MP: 7/7
  2628 | D:3      | Reached skill level 5 in Long Blades
  2927 | D:3      | Reached *** piety under Lugonu
  3788 | D:4      | Reached XP level 7. HP: 43/59 MP: 8/8
  3936 | D:4      | Found a staircase to the Ecumenical Temple.
  4060 | D:4      | Reached skill level 5 in Armour
  4187 | D:5      | Entered Level 5 of the Dungeon
  4262 | D:5      | Reached skill level 6 in Long Blades
  4378 | D:5      | Found a shimmering altar of Xom.
  4696 | D:5      | Reached skill level 7 in Long Blades
  4703 | D:5      | Reached XP level 8. HP: 51/66 MP: 10/10
  4734 | D:5      | Noticed Haldmier's ghost (novice NaTm)
  4778 | D:5      | Killed Haldmier's ghost
  4814 | D:5      | Reached **** piety under Lugonu
  5062 | D:6      | Found an iron altar of Okawaru.
  5065 | D:6      | Reached skill level 8 in Long Blades
  5065 | D:6      | Reached skill level 5 in Invocations
  5076 | D:6      | Reached skill level 5 in Dodging
  5077 | D:6      | Found a glowing golden altar of the Shining One.
  5082 | D:6      | Found a shadowy altar of Dithmenos.
  5200 | D:6      | Noticed Edmund
  5215 | D:6      | Killed Edmund
  5460 | D:6      | Reached XP level 9. HP: 68/71 MP: 12/12
  5462 | D:6      | Reached skill level 9 in Long Blades
  5621 | D:6      | Noticed Grinder
  5642 | D:6      | Killed Grinder
  5831 | D:6      | Found a runed door.
  5835 | D:6      | Noticed Crazy Yiuf
  5837 | D:6      | Killed Crazy Yiuf
  6195 | D:7      | Noticed a hill giant
  6337 | D:7      | Reached skill level 10 in Long Blades
  6816 | D:8      | Reached ***** piety under Lugonu
  7159 | D:8      | Reached XP level 10. HP: 70/78 MP: 12/14
  7168 | D:8      | Reached skill level 11 in Long Blades
  7518 | D:8      | Noticed an orc knight
  7585 | D:8      | Noticed an orc knight
  7615 | D:7      | Slain by a warg

Skill      XL: |  1  2  3  4  5  6  7  8  9 10 |
---------------+-------------------------------+-----
Invocations    | 2 3 4 5 6 7 |  7.0
Long Blades    | 3 4 5 7 8 10 11 | 11.4
Armour         | 3 4 5 7 8 |  8.6
Fighting       | 4 |  4.0
Dodging        | 2 3 4 5 6 7 |  7.1

Action                   |  1- 3 |  4- 6 |  7- 9 | 10-12 || total
-------------------------+-------+-------+-------+-------++-------
Melee: Falchion          |   114 |   235 |   443 |    97 ||   889
       Headbutt          |    16 |    41 |   104 |    24 ||   185
Throw: Javelin           |       |       |     4 |       ||     4
       Tomahawk          |       |       |     1 |       ||     1
Invok: Bend Space        |       |       |     1 |       ||     1
Evoke: Wand              |       |       |       |     8 ||     8
  Use: Potion            |       |     5 |       |     2 ||     7
  Eat: Chunk             |     2 |     8 |    11 |     2 ||    23
Armor: Chain mail        |    64 |     5 |       |       ||    69
       Leather armour    |     1 |       |       |       ||     1
       Plate armour      |       |   122 |   251 |    52 ||   425
Dodge: Dodged            |    56 |    99 |   193 |    48 ||   396
       Rpst.: Falchion   |    13 |    24 |    66 |    16 ||   119
